 Dungeon Crawl Stone Soup version 0.31.0-12-g77e489cdc1 (webtiles) character file.

Game seed: 6985284894204535192

325 Eitelfritz the Chopper (level 6, 0/53 HPs)
             Began as a Hill Orc Fighter on Feb 16, 2024.
             Was a Believer of Beogh.
             Slain by a bullfrog (7 damage)
             ... in a sewer.
             The game lasted 00:07:21 (3258 turns).

Eitelfritz the Chopper (Hill Orc Fighter)           Turns: 3258, Time: 00:07:24

Health: 0/53       AC:  8    Str: 21    XL:     6   Next: 48%
Magic:  6/6        EV:  9    Int:  8    God:    Beogh [**....]
Gold:   154        SH:  4    Dex: 10    Spells: 5/5 levels left

rFire   . . .        a - +0 war axe
rCold   . . .        c - +0 buckler
rNeg    . . .        b - +0 scale mail
rPois   .            q - +0 helmet
rElec   .            (no cloak)
rCorr   .            (no gloves)
SInv    .            (no boots)
Will    .....        (no amulet) Stlth
                     (no ring)
HPRegen 0.28/turn    (no ring)
MPRegen 0.10/turn

%: no passive effects
@: lethally poisoned (0 -> -3)
A: no striking features
a: Renounce Religion, Smiting


You were in a sewer.
You worshipped Beogh.
Beogh was pleased with you.
You visited 1 branch of the dungeon, and saw 4 of its levels.
You also visited: Sewer.

You collected 193 gold pieces.
You spent 39 gold pieces at shops.

Inventory:

Hand Weapons
 a - a +0 war axe (weapon)
 u - a +0 flail
Armour
 b - a +0 scale mail (worn)
 c - a +0 buckler (worn)
 q - a +0 helmet (worn)
Jewellery
 r - a ring of magical power
Scrolls
 e - 2 scrolls of poison {unknown}
 f - 3 scrolls of identify {unknown}
 g - 3 scrolls of teleportation {unknown}
 i - a scroll of enchant weapon {unknown}
 k - 2 scrolls of fear {unknown}
 l - a scroll of blinking {unknown}
 t - 2 scrolls of fog {unknown}
 x - a scroll of enchant armour {unknown}
Potions
 d - 2 potions of might
 h - 2 potions of heal wounds {unknown}
 j - a potion of cancellation {unknown}
 m - a potion of ambrosia {unknown}
 n - a potion of invisibility {unknown}
 o - 3 potions of attraction {unknown}
 p - 3 potions of curing
 s - 2 potions of brilliance {unknown}
 v - a potion of magic {unknown}
 w - a potion of haste {unknown}


   Skills:
 + Level 4.7 Fighting
 + Level 5.3 Axes
 + Level 5.0 Armour
 + Level 1.1 Dodging
 + Level 0.1 Stealth
 + Level 4.2 Shields


You had 5 spell levels left.
You didn't know any spells.
Your spell library contained the following spells:

 Spells                   Type           Power      Damage    Failure   Level
 Call Imp                 Summ           0%         N/A       91%         2
 Cigotuvi's Dreadful Rot  Necr/Alch/Air  0%         N/A       91%         2
 Mercury Vapours          Alch/Air       0%         N/A       91%         2
 Sublimation of Blood     Necr           0%         N/A       91%         2
 Mephitic Cloud           Conj/Alch/Air  0%         N/A       99%         3
 Ignite Poison            Fire/Alch      0%         N/A       100%        4
 Freezing Cloud           Conj/Ice/Air   0%         6-21      100%        5
 Summon Hydra             Summ           0%         N/A       100%        7


Dungeon Overview and Level Annotations

Branches:
Dungeon (4/15)              Sewer (1/1)
 Temple: D:4-7

Altars:
Ru

Shops:
D:2 *


Message History

The ball python constricts you. The adder bites you but does no damage.
You hit the adder.
The adder is almost dead.
You barely miss the ball python. You barely miss the bullfrog.
You closely miss the bullfrog.
You feel sick.
You are no longer poisoned.
You block the bullfrog's attack. The bullfrog completely misses you.
The adder bites you but does no damage.
The ball python bites you but does no damage.
The ball python constricts you. The bullfrog hits you. x2
The adder bites you but does no damage.
The ball python bites you but does no damage.
The ball python constricts you.
You closely miss the adder.
The adder is almost dead.
You hit the ball python.
You kill the ball python!
Beogh accepts your kill.
You hit the bullfrog. x2; The bullfrog hits you.
The bullfrog hits you but does no damage.
The adder bites you.
You are poisoned.
The adder poisons you! The bullfrog completely misses you.
The bullfrog hits you but does no damage.
You slash the adder!
You kill the adder!
Beogh accepts your kill.
You hit the bullfrog. x2; You feel sick.
The bullfrog hits you but does no damage.
You block the bullfrog's attack. The bullfrog hits you.
* * * LOW HITPOINT WARNING * * *
The bullfrog hits you.
* * * LOW HITPOINT WARNING * * *
You hit the bullfrog.
The bullfrog is almost dead.
You closely miss the frilled lizard. You barely miss the bullfrog.
You feel sick. The bullfrog hits you.
* * * LOW HITPOINT WARNING * * *
The bullfrog hits you!
You die...

#≈≈≈~≈≈#####
#≈≈≈†≈
#≈≈≈~≈≈#
#≈≈≈~≈
#≈≈≈~≈≈#
#≈†~≈≈
#≈≈~~≈≈#
#~≈≈≈≈
#≈≈~≈≈≈#
#~~≈≈≈
#≈≈~≈≈≈#
##....
#≈~#≈≈≈#
#≈~..~
#≈.≈≈≈≈#
##~.~.
#≈@≈≈≈≈#
#≈≈≈≈~
#lFF≈≈≈#
#≈≈≈≈≈
#≈≈~≈≈≈#
#≈≈≈~~
#≈≈~~≈≈#
#≈≈~≈≈
#≈≈≈~≈≈#
#≈~≈≈≈
#≈≈≈~≈≈#
#≈~≈≈≈
#≈≈~≈≈≈#
#≈~≈≈≈
##..~~##
##~..~
......
#.....


You could see 2 bullfrogs and a frilled lizard.

Vanquished Creatures
  A howler monkey (D:2)
  A bombardier beetle (D:3)
  Robin (D:2)
  4 gnolls (D:4)
  9 adders
  3 river rats (Sewer)
  A dart slug (D:1)
  A ribbon worm (D:2)
  An orc (D:4)
  5 endoplasms
  4 giant cockroaches
  9 goblins
  7 hobgoblins
  5 kobolds
  2 quokkas
  11 ball pythons
  5 bats
  5 frilled lizards
  27 rats
102 creatures vanquished.

Vanquished Creatures (others)
  Natasha (D:2)
  A rat (D:2)
2 creatures vanquished.

Grand Total: 104 creatures vanquished

Notes
Turn   | Place    | Note
-------+----------+-------------------------------------------
     0 | D:1      | Eitelfritz the Hill Orc Fighter began the quest for the
                  | Orb.
     0 | D:1      | Reached XP level 1. HP: 19/19 MP: 1/1
   174 | D:1      | Reached XP level 2. HP: 26/27 MP: 2/2
  1049 | D:2      | Reached XP level 3. HP: 25/33 MP: 3/3
  1093 | D:2      | Found a sacrificial altar of Ru.
  1216 | D:2      | Noticed Natasha
  1224 | D:2      | Became a worshipper of Beogh the Brigand
  1225 | D:2      | Killed Natasha
  1391 | D:2      | Found Guism's General Store.
  1412 | D:2      | Bought a potion of curing for 39 gold pieces
  1481 | D:2      | Reached XP level 4. HP: 40/40 MP: 4/4
  1602 | D:2      | Noticed Robin
  1608 | D:2      | Killed Robin
  1759 | D:2      | Reached XP level 5. HP: 42/46 MP: 5/5
  2846 | D:4      | Reached skill level 5 in Axes
  2870 | D:4      | Reached * piety under Beogh
  2901 | D:4      | Found a glowing drain.
  2927 | D:4      | Reached XP level 6. HP: 52/53 MP: 6/6
  2959 | Sewer    | Entered a sewer
  2985 | Sewer    | Reached skill level 1 in Dodging
  3100 | Sewer    | Reached skill level 5 in Armour
  3121 | Sewer    | Reached ** piety under Beogh
  3258 | Sewer    | Slain by a bullfrog

Illustrated notes

Levels and vault maps discovered:
D:1:      roadster_arrival_rocket_small, layout_basic, kennysheep_nondescript,
          roderic_lattice_a
D:2:      layout_loops_ring, serial_forest, infiniplex_forest_clump_double,
          infiniplex_forest_lined_corner, infiniplex_forest_end_2,
          infiniplex_forest_clump_curved, infiniplex_forest_corner_1,
          basic_altar, serial_shops, nicolae_diamond_shop, uniq_natasha,
          uniq_robin
D:3:      layout_basic
D:4:      layout_rooms, gup_sewer_entry_glass, serial_shops, shop_statue,
          serial_bayou_pond_c, uniq_pikel
Sewer:    sewer_minmay_w

Skill      XL: |  1  2  3  4  5  6 |
---------------+-------------------+-----
Axes           | 3 4 5 |  5.3
Fighting       | 4 |  4.7
Armour         | 4 5 |  5.0
Shields        | 4 |  4.2
Dodging        | 1 |  1.1
Stealth        | |  0.1

Action                     |  1- 3 |  4- 6 || total
---------------------------+-------+-------++-------
  Melee: War axe           |    90 |   194 ||   284
 Invoke: Convert to Beogh  |     1 |       ||     1
 Armour: Scale mail        |    78 |   171 ||   249
  Dodge: Dodged            |    46 |    79 ||   125
  Block: Buckler           |    25 |    39 ||    64
